 Dungeon Crawl Stone Soup version 0.25-a0-565-g8875c97ebb (webtiles) character file.

Game seed: 13273612893212995413, levelgen mode: deterministic

18 Flugslaktarn the Covered (level 2, 19/28 HPs)
             Began as a Deep Dwarf Fighter on Feb 26, 2020.
             Quit the game on level 2 of the Dungeon.
             The game lasted 00:00:23 (243 turns).

Flugslaktarn the Covered (Deep Dwarf Fighter)        Turns: 243, Time: 00:00:23

Health: 19/28      AC:  6    Str: 19    XL:     2   Next: 48%
Magic:  1/1        EV:  7    Int:  8    God:
Gold:   18         SH:  9    Dex: 12    Spells: 1/1 levels left

rFire    . . .     SeeInvis .   a - +0 war axe
rCold    . . .     Gourm    .   c - +0 kite shield
rNeg     . . .     Faith    .   b - +0 scale mail
rPois    .         Spirit   .   (no helmet)
rElec    .         Reflect  .   (no cloak)
rCorr    .         Harm     .   (no gloves)
MR       .....                  (no boots)
Stlth    ..........             g - amulet of inaccuracy (curse)
HPRegen  0.00/turn              (no ring)
MPRegen  0.07/turn              (no ring)

@: non-regenerating
A: damage resistance, heal wounds, sense surroundings 1, no regeneration
a: Heal Wounds


You were on level 2 of the Dungeon.
You were not hungry.

You visited 1 branch of the dungeon, and saw 2 of its levels.

You collected 18 gold pieces.

Inventory:

Hand Weapons
 a - a +0 war axe (weapon)
Armour
 b - a +0 scale mail (worn)
 c - a +0 kite shield (worn)
Jewellery
 g - a cursed amulet of inaccuracy (around neck)
   (You found it on level 1 of the Dungeon)
Scrolls
 j - a scroll of enchant armour
 r - a scroll of identify
Potions
 d - a potion of might
 h - a potion of stabbing
Comestibles
 e - 3 rations
 f - 3 chunks of flesh


   Skills:
 * Level 3.0 Fighting
 * Level 2.6 Axes
 + Level 3.4 Armour
 + Level 3.4 Shields


You had one spell level left.
You didn't know any spells.
Your spell library was empty.

Dungeon Overview and Level Annotations

Branches:
Dungeon (2/15)

Altars:


Innate Abilities, Weirdness & Mutations

You are resistant to damage.
You can heal yourself by infusing magical energy.
You passively map a small area around you.
You do not regenerate.


Message History

The bat hits you but does no damage. The bat barely misses you.
You barely miss the bat. The bat barely misses you. You block the bat's attack.
You see here 13 gold pieces.
Your shield prevents you from hitting the bat.
The bat closely misses you. The bat hits you.
Your shield prevents you from hitting the bat.
You block the bat's attack.
You slash the bat!
You kill the bat!
No target in view!
No target in view!
No target in view!
No target in view!
No target in view!
No target in view!
No target in view!
No target in view!
No target in view!
Are you sure you want to abandon this character and quit the game? (Confirm with "yes".)

#.# ##'## * #.# ##...#
#.### ##)÷... #.#.##
##......
#.#####....####.......
,,..............'....)..
, ######....####.......
* ###.#.## ##...... ** *
*#@†.### ##..... *
#.....# ##...# #...<.#
##+## #.....# , *
##...## *, ##.## * * #.#
, #.# * * * * ,


There were no monsters in sight!

Vanquished Creatures
  An adder (D:2)
  A giant cockroach (D:1)
  2 hobgoblins (D:1)
  2 bats
  A frilled lizard (D:1)
  A kobold (D:2)
  3 rats
11 creatures vanquished.

Notes
Turn   | Place    | Note
-------+----------+-------------------------------------------
     0 | D:1      | Flugslaktarn the Deep Dwarf Fighter began the quest for the
                  | Orb.
     0 | D:1      | Reached XP level 1. HP: 20/20 MP: 1/1
   194 | D:2      | Reached XP level 2. HP: 13/27 MP: 1/1
   243 | D:2      | Quit the game

Levels and vault maps discovered:
D:1:      lightli_arrival_windingriver, layout_basic
D:2:      layout_loops_corners, eat_drink_and_be_merry_uskayaw,
          chequers_ecumenical_altar_island, minmay_misc_feat_five, uniq_natasha

Skill      XL: |  1  2 |
---------------+-------+-----
Fighting       | 3 |  3.0
Axes           | |  2.6
Armour         | |  3.4
Shields        | |  3.4

Action                   || total
-------------------------++-------
Melee: War axe           ||    85
 Abil: Heal Wounds       ||     2
  Use: Scroll            ||     2
Armor: Scale mail        ||    65
Dodge: Dodged            ||    51
Block: Kite shield       ||    71

Table legend:
 A = Non-vault XP
 B = Vault XP
 C = Vault XP percentage of total XP
 D = Non-vault monster count
 E = Vault monster count
 F = Vault count percentage of total count
                 A         B        C        D         E       F
            +---------+---------+-------+---------+---------+-------
      Total |      26 |       0 |   0.0 |      11 |       0 |   0.0
            +---------+---------+-------+---------+---------+-------
        D:1 |      10 |       0 |   0.0 |       7 |       0 |   0.0
        D:2 |      16 |       0 |   0.0 |       4 |       0 |   0.0
            +---------+---------+-------+---------+---------+-------
